Map: Ley Lines

Players

ManlyManMeat

  • Race: Zerg Zerg
  • League: Master
  • Spawn Location: 7:00

Czarny - Winner!

  • Race: Zerg Zerg
  • League: Master
  • Spawn Location: 1:00

VOD

Have the link to the VOD?

Description

Time

  • Played on: June 19, 2025, 7:10 a.m.
  • Length: 11:47
Show
View Real Time Build Order
Export as new Build Order

ManlyManMeat Zerg 

Build Orders: Hatch First 

Get SALT Encoding   

  12  0:00  Drone  
  13  0:12  Overlord  
  13  0:17  Drone  
  14  0:31  Drone x2  
  14  0:34  Drone  
  17  0:51  Hatchery  
  17  0:53  Drone  
  17  0:58  Drone  
  18  1:07  Extractor  
  17  1:13  Spawning Pool  
  17  1:16  Drone  
  17  1:27  Drone  
  18  1:40  Drone x2  
  20  1:54  Overlord  
  20  2:01  Queen  
  20  2:02  Spine Crawler  
  20  2:03  Queen  
  24  2:14  Spore Crawler  
  24  2:18  Spine Crawler  
  24  2:21  Spine Crawler  
  24  2:22  Zergling x2  
  23  2:25  Zergling x2  
  23  2:27  Zergling x2  
  25  2:31  Zergling x2  
  25  2:34  Zergling x2  
  27  2:50  Drone x4  
  27  2:51  Drone  
  32  3:09  Overlord x2  
  32  3:20  Baneling Nest  
  31  3:31  Drone x5, Extractor  
  35  3:47  Zergling x6  
  35  3:48  Zergling x2  
  39  3:56  Zergling x2  
  31  4:18  Zergling x10  
  31  4:21  Hatchery  
  35  4:26  Drone  
  36  4:32  Baneling Nest  
  31  4:48  Zergling x8  
  35  4:57  Overlord  
  35  4:58  Overlord  
  35  5:10  Metabolic Boost  
  35  5:11  Queen  
  35  5:15  Queen  
  35  5:17  Baneling x2  
  35  5:18  Baneling  
  35  5:43  Zergling x14, Spine Crawler x2  
  38  5:55  Zergling x4  
  40  6:00  Queen  
  39  6:04  Baneling x3  
  39  6:05  Zergling x4  
  41  6:24  Baneling x2  
  41  6:28  Zergling x8  
  44  6:50  Zergling x16  
  34  7:17  Zergling x2  
  34  7:18  Zergling x14  
  38  7:27  Drone  
  38  7:28  Drone  
  40  7:49  Baneling x6  
  40  7:50  Zergling x14  
  46  8:07  Zergling x10  
  47  8:38  Zergling x18  
  50  8:53  Zergling x2  
  50  8:54  Zergling x2  
  52  8:57  Hatchery  
  37  9:26  Zergling x14  
  37  9:27  Zergling x6  
  47  9:34  Drone x2  
  48  9:49  Baneling  
  48  9:50  Baneling x6  
  48  9:54  Zergling x4  
  50  10:00  Overlord  
  50  10:14  Zergling x16  
  52  10:33  Zergling x12  
  55  10:45  Zergling x2  
  55  10:46  Zergling x8  
  51  10:55  Zergling x6  
  42  11:11  Zergling x2  
  42  11:12  Zergling x4, Baneling x3  
  42  11:13  Baneling  
  42  11:14  Drone  
Show
View Real Time Build Order
Export as new Build Order

Czarny Zerg - Winner!

Build Orders: Pool First, Zergling Baneling 

Get SALT Encoding   

  12  0:05  Drone  
  13  0:09  Drone  
  14  0:18  Overlord  
  14  0:23  Extractor  
  14  0:24  Drone  
  14  0:30  Extractor  
  14  0:31  Drone  
  15  0:37  Drone  
  16  0:49  Drone  
  17  0:55  Spawning Pool  
  16  0:59  Drone  
  17  1:10  Drone  
  18  1:26  Hatchery  
  18  1:29  Drone  
  18  1:34  Drone  
  19  1:42  Metabolic Boost  
  19  1:48  Spine Crawler  
  18  1:54  Drone x2  
  20  2:05  Queen  
  22  2:14  Overlord  
  22  2:20  Baneling Nest  
  21  2:27  Zergling x2  
  22  2:33  Zergling x2  
  23  2:38  Zergling x2  
  24  2:48  Queen  
  24  2:50  Zergling x4  
  24  2:51  Zergling x2  
  29  3:01  Zergling x4  
  31  3:07  Baneling x3  
  31  3:16  Zergling x4  
  31  3:17  Zergling x6  
  31  3:19  Baneling  
  36  3:31  Overlord  
  36  3:46  Evolution Chamber  
  24  4:19  Baneling x2  
  24  4:20  Baneling x2  
  24  4:22  Zergling x8  
  24  4:23  Zergling x16  
  36  4:28  Zerg Melee Weapons Level 1  
  34  4:50  Zergling x6  
  34  4:51  Zergling x2  
  38  4:58  Zergling x4  
  40  5:04  Zergling x6  
  43  5:15  Zergling x2  
  43  5:20  Overlord x2  
  29  5:53  Zergling x14  
  29  5:54  Zergling x2  
  30  6:16  Zergling x8  
  34  6:20  Drone  
  34  6:23  Hatchery  
  34  6:31  Baneling  
  34  6:42  Zerg Ground Armor Level 1  
  32  6:57  Baneling  
  32  7:00  Baneling x5  
  22  7:26  Zergling x4  
  22  7:27  Zergling x16  
  32  7:40  Zergling x6  
  35  7:57  Zergling x10  
  40  8:06  Baneling x3  
  30  8:27  Zergling x10  
  34  8:48  Drone x5  
  39  8:57  Spine Crawler  
  38  9:04  Baneling  
  30  9:29  Zergling x4  
  30  9:30  Zergling x14  
  30  9:31  Zergling x2  
  36  9:55  Spine Crawler  
  36  9:56  Zergling x10  
  36  9:57  Zergling x2  
  41  10:12  Zergling x6  
  41  10:13  Zergling x4  
  46  10:15  Baneling  
  43  10:36  Zergling x12  
  43  10:37  Zergling x2  
  41  10:55  Zergling x8  
  41  10:56  Zergling x4  
  45  11:02  Zergling x2  
Tags
 
Matchup
ZvZ
Race
Zerg
Replay Pack
Myownreplay2
Spawn Locations
Cross Positions
Add a new tag
Caveats
  • Supply blocks, unpowered buildings, or Contaminate may cause inaccurate times.
  • Supply counts are checked every 10 seconds.